AoeStats
← Juanfreelance

Fortress

508776151Analyzed
2v2 RM · 8d ago on Sep 24, 2026· 34m 8s· 4 players
Game mode
Random Map
Map size
Normal (6 player)
Population
200
Speed
Normal
Resources
Standard
Victory
Conquest
Starting age
Dark Age
Ending age
Imperial Age
RankedLock teamsTeams togetherTeam positionsShared explorationLock speedFull tech treeHidden civsTurbo modeCheats
Victory
Defeat
🇵🇦 Persians · Panama
1275
+13
🇨🇳 Turks · China
1220
+15
🇺🇸 Spanish · United States
1195
-14
🇺🇸 Lithuanians · United States
1195
-14
stone
7:11 Feudal Age
10:49 Castle Age
9:09 Double-Bit Axe
9:23 Horse Collar
15:00 Wheelbarrow
16:08 Loom
18:27 Hand Cart
18:00 Town Watch
18:54 Gold Mining
19:58 Bow Saw
19:42 Stone Mining
24:55 Imperial Age
23:10 Heavy Plow
23:48 Padded Archer Armor
24:17 Town Watch
25:28 Gold Shaft Mining
25:55 Leather Archer Armor
26:08 Conscription
26:15 Elite Janissary
27:51 Ring Archer Armor
28:45 Bloodlines
31:32 Artillery
31:52 Scale Barding Armor
31:58 Forging
32:06 Fletching
32:19 Husbandry
Juanfreelance
5:55 Loom
7:53 Feudal Age
12:14 Castle Age
11:25 Double-Bit Axe
13:20 Horse Collar
18:18 Wheelbarrow
18:30 Gold Mining
18:57 Husbandry
21:17 Forging
21:47 Bow Saw
21:56 Heavy Plow
22:15 Town Watch
23:24 Bloodlines
24:49 Hand Cart
25:13 Town Patrol
26:13 Gold Shaft Mining
29:51 Imperial Age
27:57 Scale Barding Armor
28:28 Iron Casting
29:30 Heavy Camel Rider
31:12 Blast Furnace
30:32 Chain Barding Armor
30:46 Crop Rotation
31:17 Two-Man Saw
30:09 Stone Mining
30:45 Cavalier
32:06 Cavalier
32:22 Cavalier
Sneakyness
7:46 Feudal Age
11:43 Castle Age
10:08 Double-Bit Axe
12:47 Bow Saw
12:25 Horse Collar
14:01 Heavy Plow
15:21 Gold Mining
24:39 Loom
25:31 Wheelbarrow
26:04 Sanctity
25:55 Redemption
25:58 Fervor
29:28 Imperial Age
27:17 Husbandry
28:04 Padded Archer Armor
28:46 Bloodlines
31:17 Chemistry
31:38 Conscription
32:26 Leather Archer Armor
TrixieBenny
7:34 Feudal Age
11:34 Castle Age
11:04 Loom
11:05 Double-Bit Axe
11:02 Horse Collar
11:40 Gold Mining
16:55 Wheelbarrow
18:49 Town Watch
19:42 Heavy Plow
20:57 Bow Saw
24:53 Imperial Age
23:43 Scale Barding Armor
24:15 Hand Cart
24:32 Forging
24:34 Town Patrol
25:30 Chain Barding Armor
25:01 Fletching
25:06 Pikeman
26:59 Chemistry
28:40 Plate Barding Armor
29:27 Crop Rotation
29:35 Iron Casting
29:12 Bloodlines
29:30 Halberdier
33:05 Elite Leitis
34:06 Conscription
Connection lost

Rejoining the realm…

Still unreachable

The connection could not be restored.

Session expired

The server has moved on; the page needs a fresh start.